 Dungeon Crawl Stone Soup version 0.27-a0-1381-g81fdcbfb23 (webtiles) character file.

Game seed: 1214897368843462338

8623 Froggeryz the Slicer (level 11, -1/67 HPs)
             Began as an Octopode Berserker on June 30, 2021.
             Was an Elder of Trog.
             Slain by a centaur (2 damage)
             ... on level 10 of the Dungeon.
             The game lasted 00:12:42 (12541 turns).

Froggeryz the Slicer (Octopode Berserker)          Turns: 12541, Time: 00:12:42

Health: -1/67      AC:  1    Str: 16    XL:     11   Next: 33%
Magic:  11/11      EV: 17    Int: 10    God:    Trog [****..]
Gold:   371        SH:  5    Dex: 15    Spells: 10/10 levels left

rFire    . . .     SeeInvis .   H - +1 short sword (venom)
rCold    + . .     Faith    .   h - +0 buckler
rNeg     . . .     Spirit   .   (helmet restricted)
rPois    .         Reflect  .   x - amulet of regeneration
rElec    .         Harm     .   n - ring of protection from cold
rCorr    .         Rampage  .   (no ring)
Will     .....                  (no ring)
Stlth    ++++++....             (no ring)
HPRegen  1.21/turn              (no ring)
MPRegen  0.12/turn              (no ring)
                                (no ring)
                                (no ring)

@: no status effects
A: almost no armour, amphibious, 8 rings, camouflage 1, gelatinous body 1,
(nimble swimmer 1), tentacles
a: Renounce Religion, Berserk, Trog's Hand, Brothers in Arms


You were on level 10 of the Dungeon.
You worshipped Trog.
Trog was greatly pleased with you.
You visited 1 branch of the dungeon, and saw 10 of its levels.

You collected 371 gold pieces.

Inventory:

Hand Weapons
 H - a +1 short sword of venom (weapon)
Missiles
 a - 8 boomerangs
 t - 11 poisoned darts (quivered)
 D - 2 throwing nets
 G - 2 curare-tipped darts
Armour
 h - a +0 buckler (worn)
Jewellery
 n - a ring of protection from cold (left tentacle)
 x - an amulet of regeneration (around mantle)
 E - a ring of fire
Wands
 g - a wand of flame (21)
 m - a wand of mindburst (14)
 u - a wand of iceblast (12)
 z - a wand of acid (6)
 B - a wand of polymorph (15)
Scrolls
 c - 2 scrolls of fear
 f - 3 scrolls of enchant weapon
 k - 5 scrolls of teleportation
 o - 4 scrolls of immolation
 p - 2 scrolls of torment {unknown}
 r - a scroll of blinking
 v - a scroll of magic mapping
 y - 2 scrolls of enchant armour {unknown}
 A - 2 scrolls of identify
 F - a scroll of acquirement {unknown}
Potions
 b - 2 potions of invisibility {unknown}
 d - a potion of brilliance {unknown}
 e - 2 potions of curing
 i - a potion of mutation {unknown}
 j - 2 potions of degeneration {unknown}
 l - 3 potions of flight {unknown}
 s - a potion of magic {unknown}
 w - a potion of lignification {unknown}
 C - 2 potions of ambrosia {unknown}


   Skills:
 - Level 3.0 Fighting
 - Level 12.0 Short Blades
 + Level 9.1 Dodging
 * Level 11.5 Stealth
 - Level 4.2 Shields


You had 10 spell levels left.
You didn't know any spells.
Your spell library was empty.

Dungeon Overview and Level Annotations

Branches:
Dungeon (10/15)            Temple (0/1) D:5             Orc (0/2) D:10
   Lair: D:8-11

Altars:
Ashenzari
Fedhas
Gozag
Hepliaklqana
Kikubaaqudgha
Nemelex Xobeh
Okawaru
Uskayaw
Wu Jian
Xom
Yredelemnul
Zin
The Shining One

Annotations:
D:10 3 runed translucent doors, 27snakeeyes612's ghost, journeyman MiBe


Innate Abilities, Weirdness & Mutations

You cannot wear most types of armour.
You are amphibious.
You can wear up to eight rings at the same time.
Your skin changes colour to match your surroundings (Stealth+).
Your rubbery body absorbs attacks. (AC +1, EV +1)
((You are camouflaged near water. (Stealth+)))
You have tentacles for arms and can constrict up to eight enemies at once.


Message History

You constrict the orc. The orc closely misses you.
The centaur shoots an arrow.
The arrow hits you!
You barely miss the orc.
The orc is almost dead.
You constrict the orc.
You kill the orc!
Trog accepts your kill.
You barely miss the orc warrior. You grab the orc warrior.
You constrict the orc warrior. The orc warrior closely misses you.
You hit the orc warrior but do no damage.
The orc warrior is poisoned.
The orc warrior is lightly wounded.
You constrict the orc warrior, but do no damage.
The centaur shoots an arrow.
The arrow hits you!
You hit the orc warrior.
The orc warrior looks as sick as possible!
The orc warrior is moderately wounded.
You constrict the orc warrior.
The orc warrior hits you with a +0 scimitar!
You are too injured to fight recklessly!
You release your grip on the orc warrior.
The centaur unwields a +0 shortbow.
The centaur closely misses you.
The centaur kicks you but does no damage.
You block the orc warrior's attack.
You hit the centaur. Your squeeze misses the centaur.
The centaur is moderately wounded.
The centaur hits you. The centaur barely misses you.
You closely miss the centaur. You squeeze the centaur.
The centaur is heavily wounded.
The orc warrior hits you with a +0 scimitar!
* * * LOW HITPOINT WARNING * * *
You hit the centaur.
The centaur is poisoned.
The centaur is heavily wounded.
The centaur hits you.
* * * LOW HITPOINT WARNING * * *
The centaur barely misses you. The centaur hits you.
* * * LOW HITPOINT WARNING * * *
The centaur kicks you.
You die...

.#....#..........^...#
.#....'..............#
##....#####..........#
..........#..........#
..........#..........#
..##'#....#..........#
..#.<#....#......o...#
+##..#....#.....c.)..#
#..+....#.....@....#
#..#....#..........#
#..#....#..........#
##+# #.####.##..# #
#.# ..# ..# ..# ..#
..# ..#


You could see an orc warrior (extremely poisoned) and a centaur (very poisoned).

Vanquished Creatures
  Harold (D:8)
  A two-headed ogre (D:10)
  A centaur warrior (D:9)
  Sonja (D:10)
  A deep elf pyromancer (D:10)
  Psyche (D:10)
  A hornet (D:9)
  Prince Ribbit (D:5)
  A troll (D:10)
  Grinder (D:3)
  A shadow (D:10)
  A wyvern (D:6)
  A human (D:10)
  Eustachio (D:9)
  Menkaure (D:5)
  2 wargs
  An acid dragon (D:8)
  2 water moccasins
  2 ice beasts
  A sky beast (D:6)
  7 orc warriors
  A black bear (D:5)
  2 necrophages
  5 ogres
  3 centaurs
  3 bullfrogs
  A scorpion (D:4)
  5 wights
  2 howler monkeys
  2 centaur zombies
  A hound (D:4)
  2 jellies
  4 orc priests
  2 iguanas (D:4)
  7 orc wizards
  A hound zombie (D:5)
  2 hound skeletons (D:4)
  5 adders
  A white imp (D:7)
  2 worms (D:2)
  2 dart slugs (D:1)
  35 orcs
  8 ball pythons
  8 bats
  9 endoplasms
  A giant cockroach (D:3)
  5 hobgoblins
  11 jackals
  5 kobolds
  2 quokkas
  5 frilled lizards
  4 goblins
  4 rats
180 creatures vanquished.

Vanquished Creatures (others)
  A ball python (D:10)
1 creature vanquished.

Grand Total: 181 creatures vanquished

Notes
Turn   | Place    | Note
-------+----------+-------------------------------------------
     0 | D:1      | Froggeryz the Octopode Berserker began the quest for the
                  | Orb.
     0 | D:1      | Reached XP level 1. HP: 16/16 MP: 1/1
    80 | D:1      | Reached skill level 1 in Stealth
    84 | D:1      | Reached XP level 2. HP: 18/21 MP: 2/2
   852 | D:2      | Found a faded altar of an unknown god.
   874 | D:2      | You fall into a shaft and drop 1 floor!
   889 | D:3      | Found a basalt altar of Yredelemnul.
   891 | D:3      | Noticed a profane servitor
   903 | D:3      | Found a glowing golden altar of the Shining One.
   905 | D:3      | Noticed an angel
   936 | D:3      | Reached XP level 3. HP: 26/26 MP: 3/3
  1017 | D:2      | Reached skill level 4 in Short Blades
  1429 | D:2      | Reached ** piety under Trog
  1956 | D:2      | Noticed a necrophage
  1968 | D:2      | Killed a necrophage
  1969 | D:2      | Reached skill level 5 in Short Blades
  1969 | D:2      | Reached XP level 4. HP: 9/31 MP: 4/4
  1969 | D:2      | Reached XP level 5. HP: 10/36 MP: 5/5
  2255 | D:3      | Noticed Grinder
  2271 | D:3      | Killed Grinder
  2272 | D:3      | Reached skill level 6 in Short Blades
  2272 | D:3      | Reached skill level 5 in Stealth
  2272 | D:3      | Reached XP level 6. HP: 42/42 MP: 6/6
  2946 | D:4      | Reached skill level 1 in Shields
  3223 | D:4      | Reached XP level 7. HP: 36/46 MP: 7/7
  3595 | D:4      | Found an ornate altar of the Wu Jian Council.
  4405 | D:5      | Entered Level 5 of the Dungeon
  4410 | D:5      | Noticed Prince Ribbit
  4415 | D:5      | Reached skill level 7 in Short Blades
  4748 | D:5      | Killed Prince Ribbit
  4749 | D:5      | Reached XP level 8. HP: 37/52 MP: 8/8
  4928 | D:5      | Noticed Menkaure
  4933 | D:5      | Killed Menkaure
  5036 | D:5      | Reached skill level 8 in Short Blades
  5066 | D:5      | Found a blossoming altar of Fedhas.
  5129 | D:5      | Found an iron altar of Okawaru.
  5474 | D:5      | Found a staircase to the Ecumenical Temple.
  5516 | D:5      | Found a glowing silver altar of Zin.
  5625 | D:6      | Noticed a wyvern
  5628 | D:6      | Killed a wyvern
  5629 | D:6      | Reached skill level 9 in Short Blades
  5640 | D:6      | Identified the +0 plate armour of Tomorrow {rF+}
  5701 | D:6      | Reached XP level 9. HP: 26/56 MP: 9/9
  6029 | D:6      | Found a shimmering altar of Xom.
  6039 | D:6      | Reached skill level 5 in Dodging
  6574 | D:7      | Reached *** piety under Trog
  6923 | D:8      | Reached skill level 10 in Short Blades
  7713 | D:8      | Found a sparkling altar of Nemelex Xobeh.
  7905 | D:8      | Found an opulent altar of Gozag.
  8081 | D:8      | Noticed Harold
  8094 | D:8      | Killed Harold
  8095 | D:8      | Reached skill level 11 in Short Blades
  8095 | D:8      | Reached XP level 10. HP: 48/63 MP: 10/10
  8364 | D:9      | Found the +11 plutonium sword {Contam Stlth-}
  8365 | D:9      | Noticed Eustachio
  8374 | D:9      | Killed Eustachio
  9697 | D:9      | Reached skill level 12 in Short Blades
  9804 | D:9      | Found an ancient bone altar of Kikubaaqudgha.
  9886 | D:9      | Noticed a centaur warrior
  9893 | D:9      | Killed a centaur warrior
 10055 | D:9      | Reached **** piety under Trog
 10530 | D:10     | Entered Level 10 of the Dungeon
 10749 | D:10     | Found a broken altar of Ashenzari.
 10750 | D:10     | Found a hide-covered altar of Uskayaw.
 10750 | D:10     | Found a hazy altar of Hepliaklqana.
 10813 | D:10     | Noticed Psyche
 10824 | D:10     | Found a runed translucent gate.
 11146 | D:10     | Killed Psyche
 11147 | D:10     | Reached XP level 11. HP: 67/67 MP: 11/11
 11148 | D:10     | Noticed a two-headed ogre
 11234 | D:10     | Killed a two-headed ogre
 11235 | D:10     | Reached skill level 10 in Stealth
 11298 | D:10     | Found a runed translucent gate.
 11300 | D:10     | Found a runed translucent gate.
 11300 | D:10     | Noticed 27snakeeyes612's ghost (journeyman MiBe)
 11300 | D:10     | Noticed a fire dragon
 11301 | D:10     | Found an opulent altar of Gozag.
 11353 | D:10     | Found a staircase to the Orcish Mines.
 11858 | D:10     | Noticed a deep elf pyromancer
 11863 | D:10     | Killed a deep elf pyromancer
 12122 | D:10     | Noticed Sonja
 12134 | D:10     | Killed Sonja
 12541 | D:10     | HP: 1/67 [centaur (5)]
 12541 | D:10     | Slain by a centaur

Illustrated notes

Levels and vault maps discovered:
D:1:      dpeg_arrival_leaves_temple_mockup, layout_basic
D:2:      layout_loops_ring, basic_ecumenical_altar
D:3:      layout_loops_ring, grunt_temple_overflow_holy_war, uniq_grinder
D:4:      layout_layer_cave, nzn_wu_jian_contemplation
D:5:      layout_basic, okawaru_ov_weapons_minmay, fedhas_altar_2,
          lemuel_crystal_altar, minmay_temple_entry_grid, uniq_prince_ribbit1,
          uniq_menkaure
D:6:      layout_cave_pools, old_standard_altar
D:7:      layout_basic, nicolae_underground_beach
D:8:      layout_gridville, nemelex_diamond_rough_becter,
          nicolae_overflow_hidden_temple, minmay_quadrilaterals, uniq_harold
D:9:      layout_loops_ring, kiku_gazebo_pond_becter, sword_in_stone
D:10:     layout_gridville, chequers_temple_overflow_statue_of_worship,
          erik_orc_4, ebering_ghost_gozag, roderic_lattice_a,
          kennysheep_pointless_box, uniq_psyche, uniq_sonja

Skill      XL: |  1  2  3  4  5  6  7  8  9 10 11 |
---------------+----------------------------------+-----
Stealth        | 1 3 5 9 11 | 11.5
Short Blades   | 5 6 7 9 11 12 | 12.0
Shields        | 1 4 |  4.2
Dodging        | 4 7 8 9 |  9.1
Fighting       | |  3.0

Action                   |  1- 3 |  4- 6 |  7- 9 | 10-12 || total
-------------------------+-------+-------+-------+-------++-------
Melee: Short sword       |    88 |    78 |    67 |    12 ||   245
       Constrict         |    23 |    19 |    25 |    35 ||   102
       Tentacles         |    16 |    20 |    64 |    66 ||   166
       Dagger            |       |       |   127 |   211 ||   338
Throw: Dart              |       |       |       |     2 ||     2
Invok: Berserk           |     1 |     1 |    10 |    11 ||    23
       Trog's Hand       |       |     1 |     1 |       ||     2
Evoke: Wand              |       |       |       |     1 ||     1
  Use: Scroll            |       |     4 |     5 |       ||     9
       Potion            |       |       |       |     1 ||     1
 Stab: Sleeping          |     9 |     6 |    17 |     4 ||    36
       Distracted        |       |       |       |     1 ||     1
Armor: Skin              |     4 |     5 |     3 |     4 ||    16
Dodge: Dodged            |    48 |    40 |    67 |    97 ||   252
Block: Buckler           |       |       |    18 |    45 ||    63

Table legend: (Time is in decaauts)
 A = Elapsed time spent in this place.
 B = Non-inter-level travel time spent in this place.
 C = Inter-level travel time spent in this place.
 D = Time resting spent in this place.
 E = Time spent auto-exploring this place.
 F = Levels seen in this place.
 G = Mean time per level.
                   A        B        C        D        E       F      G
               +--------+--------+--------+--------+--------+-----+--------+
         Total |  12554 |  12309 |    245 |   3192 |   7904 |  10 | 1255.4 |
       Dungeon |  12554 |  12309 |    245 |   3192 |   7904 |  10 | 1255.4 |
               +--------+--------+--------+--------+--------+-----+--------+

Top non-repeatable levels by time:
     D:8: 2754 daAuts
     D:4: 1835 daAuts
    D:10: 1604 daAuts
     D:2: 1347 daAuts
     D:9: 1238 daAuts
     D:5: 920 daAuts
     D:1: 811 daAuts
     D:6: 769 daAuts
     D:3: 742 daAuts
     D:7: 531 daAuts
